 Dungeon Crawl Stone Soup version 0.30.0-30-g96aa6591b8 (webtiles) character file.

Game seed: 5837761578755388920

4 Sabo the Trooper (level 1, 0/18 HPs)
             Began as a Demonspawn Monk on June 27, 2023.
             Slain by a kobold
             ... wielding a +0 whip
              (4 damage)
             ... on level 1 of the Dungeon.
             The game lasted 00:00:41 (84 turns).

Sabo the Trooper (Demonspawn Monk)                    Turns: 84, Time: 00:00:41

Health: 0/18       AC:  2    Str: 11    XL:     1   Next: 50%
Magic:  1/1        EV: 13    Int: 11    God:
Gold:   16         SH:  0    Dex: 15    Spells: 0/0 levels left

rFire   . . .        a - +0 hand axe
rCold   . . .        d - orb {light}
rNeg    . . .        b - +0 robe
rPois   .            (no helmet)
rElec   .            (no cloak)
rCorr   .            (no gloves)
SInv    .            (no boots)
Will    .....        (no amulet)
Stlth   +            (no ring)
HPRegen 0.23/turn    (no ring)
MPRegen 0.07/turn

%: no passive effects
@: glowing
A: no striking features
a: no special abilities


You were on level 1 of the Dungeon.
You visited 1 branch of the dungeon, and saw 1 of its levels.

You collected 16 gold pieces.

Inventory:

Hand Weapons
 a - a +0 hand axe (weapon)
Armour
 b - a +0 robe (worn)
 d - an orb of light (worn)
Potions
 c - a potion of ambrosia


   Skills:
 + Level 3.1 Fighting
 + Level 2.8 Axes
 + Level 2.7 Dodging


You couldn't memorise any spells.
You didn't know any spells.
Your spell library was empty.

Dungeon Overview and Level Annotations

Branches:
Dungeon (1/15)

Altars:


Message History

A dart slug comes into view.
You hit the hobgoblin but do no damage. You closely miss the bat.
The bat closely misses you. The bat hits you but does no damage.
The hobgoblin misses you. The dart slug launches a dart at you.
The slug dart misses you. The bat closely misses you. The hobgoblin hits you.
You barely miss the hobgoblin. You barely miss the bat. The bat hits you.
The hobgoblin barely misses you.
You hit the hobgoblin.
The hobgoblin is severely wounded.
You closely miss the bat. The bat misses you. The hobgoblin closely misses you.
The bat hits you.
You hit the hobgoblin.
You kill the hobgoblin!
You hit the hobgoblin. You hit the bat but do no damage.
The bat closely misses you. The bat hits you. The hobgoblin closely misses you.
Found a fizzy amethyst potion.
Found a stone staircase leading down.
The bat hits you. The bat misses you. The hobgoblin closely misses you.
You see here a hobgoblin corpse.
A kobold comes into view. It is wielding a +0 whip.
The kobold shouts!
The bat misses you. The bat closely misses you. x2
The hobgoblin hits you but does no damage.
The dart slug launches a dart at you. The slug dart hits you.
You barely miss the bat. You barely miss the hobgoblin. The bat hits you.
The bat hits you but does no damage. The hobgoblin misses you.
You hit the hobgoblin.
You kill the hobgoblin!
The bat hits you.
* * * LOW HITPOINT WARNING * * *
The bat misses you. The bat misses you. The kobold closely misses you.
The bat hits you.
* * * LOW HITPOINT WARNING * * *
The bat barely misses you.
You see here a hobgoblin corpse.
You barely miss the bat. You barely miss the kobold. You hit the bat.
The bat hits you but does no damage. The bat closely misses you.
The kobold hits you with a +0 whip.
You die...

##............).
#.............÷
.##..........÷... #
##.#∩..............
#.
##..#∩...###...∩∩∩##
#..
...##....∩∩..#####
.... #.###....∩∩.##
.... #K##∩.......#
#..#b@......##.#
#...†......##.#
##wb.........)#
......###.......#
..###... ##∩####∩#
##.. ### ### #>..
.!.. #.#..


You could see a dart slug, 2 bats and a kobold.

Vanquished Creatures
  A ball python (D:1)
  2 hobgoblins (D:1)
3 creatures vanquished.

Notes
Turn   | Place    | Note
-------+----------+-------------------------------------------
     0 | D:1      | Sabo the Demonspawn Monk began the quest for the Orb.
     0 | D:1      | Reached XP level 1. HP: 18/18 MP: 1/1
    84 | D:1      | Slain by a kobold

Illustrated notes

Levels and vault maps discovered:
D:1:      amcnicky_arrival_abandoned_market, layout_rooms, serial_forest,
          infiniplex_forest_straight_2, infiniplex_forest_straight_2,
          infiniplex_forest_zigzag_1, infiniplex_forest_clump_small,
          infiniplex_forest_lined_3, infiniplex_forest_lined_2,
          infiniplex_forest_corner_2

Action                     || total
---------------------------++-------
  Melee: Hand axe          ||    11
 Armour: Robe              ||     4
  Dodge: Dodged            ||    23
